 Dungeon Crawl Stone Soup version 0.28-a0-909-g796cbd3a86 (webtiles) character file.

Game seed: 4698659608462426077

87146 wakim the Grappler (level 15, -10/157 HPs)
             Began as a Troll Hunter on Nov 24, 2021.
             Was the Champion of the Shining One.
             Mangled by an ettin (24 damage)
             ... on level 1 of the Orcish Mines on Nov 25, 2021.
             The game lasted 01:15:16 (21331 turns).

wakim the Grappler (Troll Hunter)                  Turns: 21331, Time: 01:15:17

Health: -10/157    AC: 16    Str: 22    XL:     15   Next: 42%
Magic:  15/20      EV: 12    Int:  7    God:    the Shining One [******]
Gold:   3573       SH: 12    Dex: 15    Spells: 14/14 levels left

rFire   x . .      SeeInvis .     - Unarmed
rCold   + + .      Faith    .   I - +1 kite shield {rC+}
rNeg    + + +      Spirit   .   h - +3 troll leather armour {Snorg}
rPois   +          Reflect  .   b - +2 hat
rElec   .          Harm     .   o - +0 cloak
rCorr   .          Rampage  .   (gloves unavailable)
Will    ++...                   (boots unavailable)
Stlth   +.........              (no amulet)
HPRegen 2.36/turn               Q - ring "Ceodd" {Ice rPois Will+}
MPRegen 0.17/turn               a - +4 ring of protection

@: glowing, studying 2 skills
A: large, unfitting armour, claws 3, regeneration 1, shaggy fur 1, tough skin 1,
weak 1
a: Renounce Religion, Divine Shield, Cleansing Flame, Summon Divine Warrior,
Brand Weapon With Holy Wrath


You were on level 1 of the Orcish Mines.
You worshipped the Shining One.
The Shining One was exalted by your worship.
You visited 4 branches of the dungeon, and saw 21 of its levels.
You also visited: Gauntlet and Ice Cave.

You collected 3631 gold pieces.
You spent 58 gold pieces at shops.

Inventory:

Missiles
 c - 16 large rocks {=f}
 e - 2 throwing nets {=f!f}
 i - a boomerang of dispersal {=f!f}
 j - 7 javelins
 k - 103 poisoned darts
 s - 21 boomerangs (quivered)
 C - 7 atropa-tipped darts
 P - 5 silver javelins
Armour
 b - a +2 hat (worn)
 h - a +3 troll leather armour (worn) {Snorg}
 o - a +0 cloak (worn)
 D - the +0 tower shield "Ucicov" {rPois Will+}
   (You acquired it on level 12 of the Dungeon)

   rPois:     It protects you from poison.
   Will:      It increases your willpower.
 I - a +1 kite shield of cold resistance (worn)
Jewellery
 a - a +4 ring of protection (right claw)
 f - a ring of protection from fire
 n - a +4 ring of protection
 q - a ring of willpower
 Q - the ring "Ceodd" (left claw) {Ice rPois Will+}
   (You took it off a minotaur in a Gauntlet)

   [ring of ice]

   It enhances your ice magic.
   rF:        It makes you vulnerable to fire.
   rC:        It protects you from cold.
   rPois:     It protects you from poison.
   Will:      It increases your willpower.
 R - a +4 ring of evasion
Wands
 d - a wand of iceblast (37)
 v - a wand of flame (107)
 w - a wand of acid (8)
 x - a wand of charming (14)
 y - a wand of paralysis (12)
 z - a wand of polymorph (24)
Scrolls
 g - 5 scrolls of fog {unknown}
 l - a scroll of brand weapon {unknown}
 m - 4 scrolls of immolation {unknown}
 p - 5 scrolls of noise {unknown}
 t - 2 scrolls of enchant armour
 M - a scroll of torment {unknown}
 S - 4 scrolls of summoning
 T - 5 scrolls of teleportation
 U - 2 scrolls of fear
 V - 2 scrolls of vulnerability {!r!r}
 Y - 4 scrolls of blinking {!r}
 Z - 2 scrolls of silence {!r}
Potions
 r - 2 potions of berserk rage {unknown}
 A - 6 potions of ambrosia
 B - a potion of attraction {!q}
 E - a potion of cancellation
 F - 5 potions of curing
 G - 3 potions of flight
 H - a potion of haste
 J - 9 potions of heal wounds
 K - 2 potions of magic
 L - 3 potions of lignification {!q}
 N - 2 potions of might
 O - a potion of resistance


   Skills:
 + Level 12.3 Fighting
 - Level 8.0 Throwing
 - Level 6.0 Dodging
 - Level 0.3 Stealth
 - Level 9.0 Shields
 * Level 13.9 Unarmed Combat
 * Level 9.1 Invocations
 - Level 8.0 Evocations


You had 14 spell levels left.
You didn't know any spells.
Your spell library contained the following spells:

 Spells                   Type           Power      Damage    Failure   Level
 Freeze                   Ice            0%         1d3       47%         1
 Shock                    Conj/Air       0%         1d3       47%         1
 Blink                    Tloc           0%         N/A       63%         2
 Corpse Rot               Necr/Air       0%         N/A       63%         2
 Poisonous Vapours        Pois/Air       0%         N/A       63%         2
 Sublimation of Blood     Necr           0%         N/A       63%         2
 Wereblood                Tmut           0%         N/A       63%         2
 Frozen Ramparts          Ice            0%         1d2       85%         3
 Gell's Gravitas          Tloc           0%         N/A       85%         3
 Lesser Beckoning         Tloc           0%         N/A       85%         3
 Swiftness                Air            0%         N/A       85%         3
 Teleport Other           Tloc           0%         N/A       85%         3
 Airstrike                Air            0%         N/A       99%         4
 Hailstorm                Conj/Ice       0%         3d3       99%         4
 Leda's Liquefaction      Hex/Erth       0%         N/A       99%         4
 Freezing Cloud           Conj/Ice/Air   0%         6-21      100%        5
 Lee's Rapid Deconstruct  Erth           0%         3d5*      100%        5
 Manifold Assault         Tloc           0%         N/A       100%        5
 Simulacrum               Ice/Necr       0%         N/A       100%        6
 Statue Form              Tmut/Erth      0%         N/A       100%        6
 Storm Form               Tmut/Air       0%         N/A       100%        7
 Summon Hydra             Summ           0%         N/A       100%        7
 Polar Vortex             Ice            0%         N/A       100%        9


Dungeon Overview and Level Annotations

Branches:
Dungeon (12/15)            Temple (1/1) D:7            Lair (6/6) D:9
  Swamp (0/4) Lair:3        Snake (0/4) Lair:4        Slime (0/5) Lair:6
    Orc (2/2) D:10          IceCv (visited)         Gauntlet (visited)
    Elf: Orc:2

Altars:
Ashenzari
Dithmenos
Elyvilon
Fedhas
Kikubaaqudgha
Nemelex Xobeh
Qazlal
Sif Muna
Trog
Yredelemnul
Zin
The Shining One
Jiyva

Shops:
D:5 [   D:6 [   D:9 (


Innate Abilities, Weirdness & Mutations

You are too large for most types of armour.
You have claws for hands.
Your natural rate of healing is unusually fast.
You are covered in fur. (AC +1)
You have tough skin. (AC +1)
You are weak. (Str -2)


Message History

* * * LOW HITPOINT WARNING * * *
You block the warg's attack.
You are momentarily dazzled by a brilliant light.
You block the orc priest's attack. The warg bites you but does no damage.
You scratch the orc priest but do no damage.
You block the orc priest's attack. The warg barely misses you.
You mangle the orc priest!!
You kill the orc priest!
The Shining One accepts your kill.
You feel better.
You feel your power returning.
Your daeva hits the ettin with a +2 scimitar of holy wrath. x2
You mangle the ettin!!
The ettin is heavily wounded.
Your daeva calls down the wrath of the Shining One upon the ettin.
The ettin is smitten.
You mangle the ettin!!
The ettin is almost dead.
The ettin hits you with a +0 dire flail!
* * * LOW HITPOINT WARNING * * *
You block the ettin's attack. The ettin closely misses you.
You block the ettin's attack.
Your daeva hits the ettin with a +2 scimitar of holy wrath!!
The ettin dies!
You mangle the ettin!!
The ettin is moderately wounded.
The ettin hits you with a +0 dire flail!!
* * * LOW HITPOINT WARNING * * *
The ettin hits you with a +0 dire flail!!
* * * LOW HITPOINT WARNING * * *
You claw the ettin!
The ettin is moderately wounded.
Your daeva hits the ettin with a +2 scimitar of holy wrath!
Your daeva hits the ettin with a +2 scimitar of holy wrath.
The warg bites you!
* * * LOW HITPOINT WARNING * * *
You mangle the ettin!!
The ettin is almost dead.
You block the ettin's attack.
The ettin hits you with a +0 dire flail!!
You die...

##.......##.#.....##
##........#.....###
....>#....#.....#
...#.###.....#.##
.#######..)<.###
...# #....).[.##
######....#[[[.# #
###.....##.[.###
##......##.#..h@###
#.#.....#####AC##.#
###....###.......##
#......#......##
####.......[###
#.....##.#
####..#### ##.# ###


You could see an ettin (ally target), a warg and a friendly daeva (summoned).

Vanquished Creatures
  Gastronok (Lair:3)
  Snorg (Lair:6)
  Fannar (Orc:1)
  Erolcha (Orc:1)
  A boulder beetle (Lair:6)
  9 hydras
  3 centaur warriors
  A catoblepas (Lair:6)
  2 ironbound frosthearts (IceCv)
  10 death yaks
  3 two-headed ogres
  2 sixfirhies (Gauntlet)
  A death drake (shapeshifter) (D:12)
  A necromancer (Lair:4)
  An obsidian statue (Gauntlet)
  2 wizards
  2 deep elf pyromancers (D:12)
  2 orc knights (Orc:1)
  7 ugly things
  2 manticores
  7 black mambas
  An eye of devastation (Gauntlet)
  An ice statue (IceCv)
  21 cane toads
  2 gargoyles
  The ghost of casual the Changer, a novice DsTm of Cheibriados (D:8)
  An unseen horror (D:12)
  3 rime drakes
  11 komodo dragons
  7 trolls
  A tengu conjurer (D:12)
  A meliai (D:12)
  17 polar bears
  A queen bee (Lair:1)
  A tyrant leech (Lair:3)
  6 hornets
  Grinder (D:3)
  35 blink frogs
  11 slime creatures
  A vampire (D:9)
  Sigmund (D:5)
  7 dream sheep (Lair:6)
  A wraith (D:12)
  12 spriggans
  6 shadows
  Grum (D:11)
  4 wyverns
  4 basilisks
  49 yaks
  A vampire mosquito (D:12)
  2 wargs (Orc:1)
  Edmund (D:6)
  2 swamp worms (Lair:3)
  2 acid dragons
  18 water moccasins
  A floating eye (Gauntlet)
  2 hornet zombies
  12 orc warriors
  An ice beast (D:6)
  A necrophage (D:4)
  2 sky beasts (D:6)
  9 black bears
  4 ogres
  3 boggarts
  56 wolves
  A phantom (D:5)
  6 centaurs
  6 scorpions
  A water moccasin zombie (D:5)
  7 bullfrogs
  A wyvern skeleton (D:4)
  A water moccasin skeleton (D:6)
  15 killer bees (Lair:1)
  12 wights
  An electric eel (Lair:5)
  15 howler monkeys
  Crazy Yiuf (D:2)
  6 orc priests
  3 jellies
  2 bullfrog skeletons (D:6)
  5 centaur zombies
  2 hounds
  A gnoll shaman (D:9)
  A centaur skeleton (D:4)
  An iguana (D:4)
  15 orc wizards
  2 polar bear simulacra (Lair:4)
  Natasha (thrice) (D:3)
  5 wolf simulacra
  2 killer bee zombies
  3 yak simulacra (Lair:4)
  4 gnolls (D:2)
  8 adders
  3 shadow imps
  2 white imps
  An ufetubus (D:6)
  An adder zombie (D:4)
  4 worms
  5 dart slugs
  59 orcs
  4 bats
  10 endoplasms
  3 giant cockroaches
  8 goblins
  5 hobgoblins (D:1)
  2 jackals (D:1)
  3 quokkas
  5 ball pythons
  2 frilled lizards (D:3)
  8 kobolds
  4 rats
  2 river rat simulacra (Lair:4)
646 creatures vanquished.

Vanquished Creatures (collateral kills)
  A minotaur (Gauntlet)
  An ettin (Orc:1)
2 creatures vanquished.

Vanquished Creatures (others)
  23 fungi
  41 plants
  A withered plant (D:1)
65 creatures vanquished.

Grand Total: 713 creatures vanquished

Notes
Turn   | Place    | Note
-------+----------+-------------------------------------------
     0 | D:1      | wakim the Troll Hunter began the quest for the Orb.
     0 | D:1      | Reached XP level 1. HP: 19/19 MP: 0/0
   271 | D:1      | Reached skill level 1 in Unarmed Combat
   273 | D:1      | Reached XP level 2. HP: 25/28 MP: 1/1
   463 | D:1      | Found a faded altar of an unknown god.
   471 | D:1      | Prayed at the altar of an unknown god.
   471 | D:1      | Became a worshipper of the Shining One
   471 | D:1      | Reached * piety under the Shining One
   492 | D:1      | Reached XP level 3. HP: 35/35 MP: 2/2
   761 | D:2      | Reached skill level 2 in Unarmed Combat
   946 | D:2      | Reached XP level 4. HP: 44/44 MP: 3/3
  1052 | D:2      | Found a runed translucent door.
  1053 | D:2      | Noticed Crazy Yiuf
  1362 | D:2      | Reached skill level 3 in Unarmed Combat
  1418 | D:2      | Killed Crazy Yiuf
  1419 | D:2      | Reached XP level 5. HP: 33/53 MP: 4/4
  1632 | D:3      | Noticed Grinder
  1644 | D:3      | Killed Grinder
  1645 | D:3      | Reached skill level 4 in Unarmed Combat
  1645 | D:3      | Reached XP level 6. HP: 50/62 MP: 5/5
  1888 | D:3      | Noticed Natasha
  1899 | D:3      | Killed Natasha
  1960 | D:3      | Noticed Natasha
  1964 | D:3      | Killed Natasha
  2308 | D:3      | Noticed Natasha
  2314 | D:3      | Killed Natasha
  2314 | D:3      | Reached ** piety under the Shining One
  2398 | D:3      | Found a shimmering blue altar of Sif Muna.
  2449 | D:4      | You fall into a shaft and drop 3 floors!
  2495 | D:7      | Noticed a water moccasin
  2510 | D:7      | Killed a water moccasin
  2511 | D:7      | Reached skill level 5 in Unarmed Combat
  2511 | D:7      | Reached XP level 7. HP: 42/71 MP: 6/6
  2655 | D:6      | Found Koifo's Armour Shoppe.
  2660 | D:6      | Bought a +0 kite shield for 58 gold pieces
  2684 | D:6      | Noticed Edmund
  2691 | D:6      | Killed Edmund
  2692 | D:6      | Reached skill level 5 in Fighting
  2692 | D:6      | Reached skill level 1 in Shields
  3159 | D:6      | Reached skill level 6 in Unarmed Combat
  3159 | D:6      | Reached XP level 8. HP: 80/80 MP: 7/7
  4187 | D:5      | Entered Level 5 of the Dungeon
  4187 | D:5      | Found Linowk's Armour Boutique.
  4763 | D:4      | Reached skill level 5 in Shields
  4763 | D:4      | Reached skill level 7 in Unarmed Combat
  4763 | D:4      | Reached XP level 9. HP: 79/89 MP: 8/8
  5163 | D:5      | Reached *** piety under the Shining One
  5185 | D:5      | Noticed Sigmund
  5207 | D:5      | Killed Sigmund
  6430 | D:7      | Found a staircase to the Ecumenical Temple.
  6436 | Temple   | Entered the Ecumenical Temple
  6650 | D:8      | Reached skill level 8 in Unarmed Combat
  6742 | D:8      | Found a white marble altar of Elyvilon.
  6804 | D:8      | Reached XP level 10. HP: 92/102 MP: 9/9
  7097 | D:8      | Found a runed translucent gate.
  7097 | D:8      | Found a runed translucent gate.
  7097 | D:8      | Found a runed translucent gate.
  7097 | D:8      | Noticed casual's ghost (novice DsTm)
  7099 | D:8      | Found a basalt altar of Yredelemnul.
  7118 | D:8      | Killed casual's ghost
  7192 | D:9      | Found a staircase to the Lair.
  7614 | D:9      | Found Ofuulid's Weapon Shoppe.
  7666 | D:9      | Reached **** piety under the Shining One
  7757 | D:9      | Found a bloodstained altar of Trog.
  7757 | D:9      | Found a faded altar of an unknown god.
  7768 | D:9      | Found a blossoming altar of Fedhas.
  7770 | D:9      | Found a stormy altar of Qazlal.
  7772 | D:9      | Found an ancient bone altar of Kikubaaqudgha.
  7821 | D:9      | Noticed a two-headed ogre
  7845 | D:9      | Killed a two-headed ogre
  7955 | D:9      | Noticed a centaur warrior
  7963 | D:9      | Killed a centaur warrior
  7964 | D:9      | Reached skill level 9 in Unarmed Combat
  7970 | D:9      | Identified the +0 war axe of Disintegration {vorpal, rF+
                  | rC+ rN+}
  7975 | D:9      | Noticed a two-headed ogre
  7989 | D:9      | Killed a two-headed ogre
  8239 | D:9      | Found a glowing golden altar of the Shining One.
  8350 | D:10     | Entered Level 10 of the Dungeon
  8417 | D:10     | Noticed Joseph
  8419 | D:10     | Noticed Joseph
  8419 | D:10     | Joseph changed into Joseph the howler monkey
  8423 | D:10     | Killed Joseph the howler monkey
  8573 | D:10     | Noticed a gargoyle
  8589 | D:10     | Killed a gargoyle
  8590 | D:10     | Reached XP level 11. HP: 111/111 MP: 10/10
  8718 | D:10     | Found a staircase to the Orcish Mines.
  9049 | Lair:1   | Entered Level 1 of the Lair of Beasts
  9112 | Lair:1   | Reached skill level 1 in Invocations
  9118 | Lair:1   | Reached skill level 1 in Evocations
  9260 | Lair:1   | Reached ***** piety under the Shining One
  9405 | Lair:1   | Reached skill level 10 in Unarmed Combat
 10357 | Lair:2   | Reached XP level 12. HP: 113/122 MP: 14/14
 10376 | Lair:2   | Reached skill level 5 in Invocations
 10986 | Lair:2   | You fall into a shaft and drop 1 floor!
 10992 | Lair:3   | Noticed Gastronok
 11077 | Lair:3   | Killed Gastronok
 11162 | Lair:3   | Reached skill level 5 in Evocations
 11520 | Lair:3   | Reached skill level 11 in Unarmed Combat
 11527 | Lair:3   | Found a frozen archway.
 11541 | IceCv    | Entered an ice cave
 11647 | IceCv    | Noticed a death yak
 11663 | IceCv    | Killed a death yak
 11684 | IceCv    | Noticed a death yak
 11684 | IceCv    | Noticed a death yak
 11720 | IceCv    | Killed a death yak
 11725 | IceCv    | Killed a death yak
 11820 | IceCv    | Reached XP level 13. HP: 82/132 MP: 17/17
 12368 | IceCv    | Reached skill level 10 in Fighting
 12960 | Lair:3   | Reached skill level 12 in Unarmed Combat
 13065 | Lair:3   | Found a staircase to the Swamp.
 13490 | Lair:4   | Found a gate leading to a gauntlet.
 13499 | Gauntlet | Entered a Gauntlet
 13499 | Gauntlet | Found a transporter.
 13509 | Gauntlet | Found a transporter.
 13513 | Gauntlet | Found a transporter.
 13518 | Gauntlet | Found a transporter.
 13529 | Gauntlet | Found a transporter.
 13529 | Gauntlet | Found a transporter.
 13540 | Gauntlet | Found a transporter.
 13541 | Gauntlet | Found a transporter.
 13549 | Gauntlet | Found a transporter.
 13553 | Gauntlet | Found a transporter.
 13561 | Gauntlet | Found a transporter.
 13584 | Gauntlet | Found a transporter.
 13596 | Gauntlet | Found a transporter.
 13608 | Gauntlet | Found a transporter.
 13612 | Gauntlet | Found a runed translucent door.
 13651 | Gauntlet | Reached ****** piety under the Shining One
 13753 | Gauntlet | Gained mutation: You are weak. (Str -2) [a neqoxec]
 13807 | Gauntlet | Identified the +1 hat of Xics {Int+4 Stlth-}
 13843 | Gauntlet | Identified the ring "Ceodd" {Ice rPois Will+}
 13843 | Gauntlet | Noticed a minotaur
 13854 | Gauntlet | Killed a minotaur
 13907 | Gauntlet | Identified the +1 leather armour of Rikk {Regen+ Str+4}
 14648 | Lair:4   | Found a staircase to the Snake Pit.
 14806 | Lair:4   | Reached skill level 5 in Throwing
 15412 | Lair:5   | Reached XP level 14. HP: 129/144 MP: 19/19
 15782 | Lair:5   | You fall into a shaft and drop 1 floor!
 15782 | Lair:6   | Entered Level 6 of the Lair of Beasts
 16304 | Lair:5   | Identified the +0 robe "Nufriniy" {Harm}
 16768 | Lair:6   | Noticed Snorg
 16912 | Lair:6   | Killed Snorg
 17249 | Lair:6   | Paralysed by a hornet for 3 turns
 17404 | Lair:5   | Paralysed by a hornet for 3 turns
 17765 | Lair:6   | Paralysed by a hornet for 3 turns
 17771 | Lair:5   | Paralysed by a hornet for 1 turns
 17804 | Lair:5   | Reached skill level 13 in Unarmed Combat
 17855 | Lair:6   | Found a viscous altar of Jiyva.
 17856 | Lair:6   | Found a staircase to the Slime Pits.
 18603 | D:11     | Noticed Grum
 18625 | D:11     | Killed Grum
 19239 | D:11     | Reached XP level 15. HP: 128/154 MP: 20/20
 19671 | D:11     | Reached skill level 5 in Dodging
 19768 | D:12     | Identified 3 scrolls of acquirement
 19769 | D:12     | Acquired a manual of Fighting
 19771 | D:12     | Acquired the +0 tower shield "Ucicov" {rPois Will+}
 19773 | D:12     | Acquired 1252 gold pieces
 20735 | D:12     | Found a glowing silver altar of Zin.
 20867 | Orc:1    | Entered Level 1 of the Orcish Mines
 21020 | Orc:1    | Noticed Fannar
 21034 | Orc:1    | Killed Fannar
 21227 | Orc:2    | Entered Level 2 of the Orcish Mines
 21238 | Orc:2    | Noticed Erolcha
 21253 | Orc:1    | Killed Erolcha
 21331 | Orc:1    | Mangled by an ettin

Illustrated notes

Levels and vault maps discovered:
D:1:      evilmike_arrival_plus, layout_loops_ring,
          ebering_ecumenical_altar_petrified
D:2:      layout_rooms, nrook_loot_triangle, uniq_crazy_yiuf_cottage
D:3:      layout_loops_ring, general_overflow_altar, roderic_lattice_a,
          uniq_natasha, uniq_grinder
D:4:      layout_loops_ring, st_stairs_5, saegor_snake_ambush
D:5:      layout_loops_ring, chequers_serial_rivers_large_a,
          nicolae_stop_n_shop_2, uniq_sigmund
D:6:      layout_basic, serial_shops, nicolae_shop_stone, uniq_edmund
D:7:      layout_basic, minmay_temple_entry_enclosed_plants
D:8:      layout_cave_pools, nicolae_yredelemnul_ghost_church, elyvilon_altar_1,
          chequers_mini_garden
D:9:      kennysheep_blocky_room, layout_loops_ring,
          chequers_temple_overflow_minitemple, nicolae_tso_swordbearing_angel,
          lair_entry_dummy, nicolae_stop_n_shop_2
D:10:     layout_gridville, hiddenorc1_lemuel, chequers_serial_rivers_room_b,
          uniq_joseph
D:11:     layout_roguey, lemuel_flamethrower_2, uniq_grum
D:12:     cheibrodos_fzero, layout_basic, zin_statuary
Temple:   zaba_magenta_temple
Lair:1:   layout_gridlike, special_room [special_room_bee], lemuel_fruit_fields,
          lemuel_fruit_tree
Lair:2:   layout_chaotic_city, beast_lair_carwin_9
Lair:3:   layout_chaotic_city, palyth_hydra_swamp_entry,
          portal_ice_cave_entry_ice_simulacra, minivault_26, uniq_gastronok
Lair:4:   layout_roguey, dummy_snake_entry, gauntlet_entry_generic,
          grunt_forest_small_clearings, eino_house_with_fridge
Lair:5:   layout_layer_cave, serial_bayou_shore_a
Lair:6:   minmay_lair_end_enchanted_forest, layout_gridlike, slime_altar_1,
          minmay_shattered_shrine, infiniplex_staircase_pool_2, uniq_snorg
Orc:1:    layout_diamond_mine, uniq_fannar, uniq_harold
Orc:2:    st_orc_town, layout_caves, uniq_erolcha, uniq_maurice

Skill      XL: |  1  2  3  4  5  6  7  8  9 10 11 12 13 14 15 |
---------------+----------------------------------------------+-----
Unarmed Combat | 1 2 3 4 5 6 7 8 9 10 11 12 13 | 13.9
Fighting       | 2 3 4 5 6 7 8 9 10 11 12 | 12.3
Shields        | 2 5 7 9 |  9.0
Invocations    | 4 7 9 |  9.1
Evocations     | 4 6 8 |  8.0
Throwing       | 5 7 8 |  8.0
Dodging        | 2 4 6 |  6.0
Stealth        | |  0.3

Action                   |  1- 3 |  4- 6 |  7- 9 | 10-12 | 13-15 || total
-------------------------+-------+-------+-------+-------+-------++-------
Melee: Unarmed           |    91 |    51 |   237 |   680 |  1252 ||  2311
       Punch             |       |     2 |       |       |       ||     2
 Fire: Hunting sling     |     8 |    47 |     5 |       |       ||    60
Throw: Dart              |       |       |       |    26 |     6 ||    32
       Boomerang         |       |       |       |       |    53 ||    53
Invok: Divine Shield     |       |       |     1 |       |     1 ||     2
       Summon Divine War |       |       |       |       |     2 ||     2
Evoke: Wand              |       |       |       |     5 |    41 ||    46
  Use: Scroll            |       |       |    10 |     4 |    13 ||    27
       Potion            |       |       |       |     3 |       ||     3
Armor: Robe              |    30 |    10 |    28 |   151 |    77 ||   296
       Troll leather arm |       |       |       |       |   372 ||   372
Dodge: Dodged            |    40 |    26 |    81 |   354 |   462 ||   963
Block: Kite shield       |       |       |    89 |   350 |   671 ||  1110

Table legend: (Time is in decaauts)
 A = Elapsed time spent in this place.
 B = Non-inter-level travel time spent in this place.
 C = Inter-level travel time spent in this place.
 D = Time resting spent in this place.
 E = Time spent auto-exploring this place.
 F = Levels seen in this place.
 G = Mean time per level.
                   A        B        C        D        E       F      G
               +--------+--------+--------+--------+--------+-----+--------+
         Total |  21022 |  19257 |   1765 |    367 |  13429 |  23 |  914.0 |
       Dungeon |  11696 |  10397 |   1299 |    139 |   8070 |  12 |  974.7 |
        Temple |      1 |      1 |      0 |      0 |      0 |   1 |    1.0 |
          Lair |   7366 |   6912 |    454 |    128 |   4478 |   6 | 1227.7 |
  Orcish Mines |    435 |    424 |     11 |      0 |    248 |   2 |  217.5 |
      Ice Cave |   1035 |   1035 |      0 |    100 |    423 |   1 | 1035.0 |
      Gauntlet |    486 |    486 |      0 |      0 |    209 |   1 |  486.0 |
               +--------+--------+--------+--------+--------+-----+--------+

Top non-repeatable levels by time:
  Lair:6: 1659 daAuts
     D:9: 1395 daAuts
  Lair:5: 1381 daAuts
  Lair:3: 1340 daAuts
     D:6: 1238 daAuts
  Lair:1: 1098 daAuts
    D:11: 1096 daAuts
   IceCv: 1035 daAuts
    D:10: 1031 daAuts
     D:7: 1029 daAuts
  Lair:2: 1025 daAuts
    D:12: 997 daAuts
     D:4: 964 daAuts
     D:3: 940 daAuts
  Lair:4: 861 daAuts
